[Event "Titled Tuesday Blitz August 22 Late 2023"]
[White "Principe, Gerson"]
[Black "Arnold, Ken"]
[WhiteFideId "3804550"]
[BlackFideId "2056836"]
[WhiteElo "2578"]
[BlackElo "2403"]
[Result "1/2-1/2"]
[Round "3"]
[TimeControl "180+1"]
[Date "2023.08.22"]
[WhiteClock "0:00:20"]
[BlackClock "0:00:23"]
[Board "117"]

1. Nf3 d5 2. e3 Nf6 3. b4 Bg4 4. Bb2 Nbd7 5. d4 e6 6. a3 a5 7. b5 Nb6 8. Nbd2 Bd6 9. a4 Qe7 10. Be2 Nfd7 11. O-O O-O 12. e4 Bxf3 13. Bxf3 Qh4 14. e5 Bb4 15. c3 Be7 16. c4 Bb4 17. cxd5 Nxd5 18. Bxd5 exd5 19. Nf3 Qe7 20. Rc1 Nb6 21. Qb3 Rfd8 22. Bc3 Bxc3 23. Rxc3 Nc4 24. Qc2 c6 25. bxc6 bxc6 26. Nd2 Nxd2 27. Qxd2 Qb4 28. Rfc1 h6 29. h4 Rac8 30. Qf4 Qxa4 31. Rg3 Kh8 32. Qxf7 Rg8 33. Qf4 c5 34. e6 Qxd4 35. Qxd4 cxd4 36. Rd1 Rc4 37. Ra3 a4 38. Re1 Re8 39. e7 Kg8 40. g3 Kf7 41. Rf3+ Kg8 42. Kg2 Rc7 43. Rd3 Rcxe7 44. Ra1 Ra7 45. Rxd4 a3 46. Rxd5 a2 47. Rd2 Rea8 48. Re2 Ra3 49. Kg1 R8a7 50. h5 R3a5 51. Kg2 Rxh5 52. Rexa2 Rxa2 53. Rxa2 Rf5 54. Ra4 Kh7 55. f4 h5 56. Ra7 Rb5 57. Kf3 Rb3+ 58. Kf2 Rb2+ 59. Kf3 Rb3+ 60. Kg2 Rb1 61. Ra6 g6 62. Ra7+ Kh6 63. Ra6 Kg7 64. Ra7+ Kf6 65. Ra5 Rb2+ 66. Kf3 Rb3+ 67. Kf2 Rb2+ 68. Kf3 Rb3+ 69. Kg2 Rb2+ 70. Kh3 Rb1 71. Ra6+ Kf5 72. Ra5+ Kf6 73. Ra7 Rh1+ 74. Kg2 Rb1 75. Ra6+ Kf5 76. Ra5+ Kf6 77. Ra6+ Kf5 78. Ra5+ Kf6 79. Rc5 Rb2+ 80. Kh3 Rb1 81. Rc6+ Kf5 82. Rc5+ Kf6 83. Ra5 Rh1+ 84. Kg2 Rb1 1/2-1/2


[Site "https://www.chess.com"]

[Event "Titled Tuesday Blitz August 22 Late 2023"]
[White "Erzhanov, Arman"]
[Black "JerMorGurgeh"]
[WhiteFideId "4138821"]
[WhiteElo "2577"]
[BlackElo "2402"]
[Result "1-0"]
[Round "3"]
[TimeControl "180+1"]
[Date "2023.08.22"]
[WhiteClock "0:00:21"]
[BlackClock "0:00:00"]
[Board "118"]

1. e4 e6 2. b3 c5 3. Nf3 Nc6 4. Bb5 Nge7 5. Bb2 a6 6. Bxc6 Nxc6 7. O-O d6 8. d4 cxd4 9. Nxd4 Bd7 10. Re1 Qc7 11. c4 Ne5 12. f4 Ng6 13. f5 Ne5 14. fxe6 fxe6 15. Nf3 Nf7 16. Nc3 O-O-O 17. Kh1 Bc6 18. Rc1 Kb8 19. Nd5 Qd7 20. Bd4 exd5 21. exd5 Ne5 22. Nxe5 dxe5 23. Bxe5+ Kc8 24. dxc6 Qxc6 25. Qg4+ Qd7 26. Qg3 Bb4 27. Rf1 Rhe8 28. c5 Re6 29. Bd6 Rde8 30. Qh4 Ba5 31. b4 Bc7 32. Bxc7 Qxc7 33. Qxh7 Rh6 34. Qf5+ Kb8 35. h3 Ka7 36. Qf2 Qc6 37. Qf3 Re4 38. a3 Rhe6 39. Rc3 g5 40. Rd3 g4 41. hxg4 Rh6+ 42. Kg1 Qe6 43. Rd6 1-0


[Site "https://www.chess.com"]

[Event "Titled Tuesday Blitz August 22 Late 2023"]
[White "luksona14"]
[Black "Karas, Marek"]
[BlackFideId "14928558"]
[WhiteElo "2576"]
[BlackElo "2402"]
[Result "0-1"]
[Round "3"]
[TimeControl "180+1"]
[Date "2023.08.22"]
[WhiteClock "0:01:08"]
[BlackClock "0:01:16"]
[Board "119"]

1. d4 Nf6 2. c4 c5 3. d5 b5 4. cxb5 a6 5. bxa6 e6 6. Nc3 exd5 7. Nxd5 Nxd5 8. Qxd5 Nc6 9. e4 Bxa6 10. Bxa6 Qa5+ 11. Bd2 Qxa6 12. Bc3 Be7 13. Nf3 O-O 14. Qd2 Nb4 15. Bxb4 cxb4 16. Qe2 Bf6 17. e5 Rfe8 18. Qxa6 Rxa6 19. O-O Bxe5 20. Nxe5 Rxe5 21. Rfd1 d5 22. b3 g6 23. Rd2 Ra5 24. f3 Re3 25. Kf2 Rxb3 26. axb3 Rxa1 27. Rxd5 Rb1 28. Rd3 Rb2+ 29. Kg3 Kg7 30. h4 h5 31. Kh3 Kf6 32. g4 hxg4+ 33. fxg4 Kg7 34. Kg3 Rb1 35. Kf3 Kf6 36. Ke4 Rg1 37. Rf3+ Ke6 38. Rf4 Rg3 39. g5 Rxb3 40. Rf6+ Ke7 41. Rb6 Rh3 42. Ke5 Rxh4 43. Rb7+ Kf8 44. Rb5 Kg7 45. Kd6 Rg4 46. Ke7 Rf4 47. Ke8 Rf5 48. Rxb4 Rxg5 49. Ke7 Re5+ 50. Kd6 Re6+ 51. Kd5 g5 52. Rg4 Kg6 53. Rg1 Re2 54. Kd4 f5 55. Kd3 Re8 56. Ra1 g4 57. Ra6+ Kg5 58. Ra7 g3 59. Rg7+ Kf4 60. Rg6 Kf3 61. Rg5 f4 0-1


[Site "https://www.chess.com"]

[Event "Titled Tuesday Blitz August 22 Late 2023"]
[White "Polaczek, Richard"]
[Black "Badelka, Olga"]
[WhiteFideId "200026"]
[BlackFideId "13509926"]
[WhiteElo "2397"]
[BlackElo "2575"]
[Result "0-1"]
[Round "3"]
[TimeControl "180+1"]
[Date "2023.08.22"]
[WhiteClock "0:00:14"]
[BlackClock "0:00:09"]
[Board "120"]

1. d4 Nf6 2. c4 e6 3. Nc3 d5 4. cxd5 exd5 5. Bg5 Be7 6. e3 h6 7. Bh4 O-O 8. Bd3 Nbd7 9. Nge2 c6 10. Qc2 Re8 11. O-O Nf8 12. f3 b5 13. Rad1 a5 14. Bf2 Ba6 15. Qd2 a4 16. Ng3 Ne6 17. Nf5 Bf8 18. Ne2 a3 19. b3 b4 20. g4 Bxd3 21. Qxd3 g6 22. Nfg3 c5 23. Nf4 cxd4 24. Nxe6 Rxe6 25. exd4 Rc8 26. Rc1 Rec6 27. Rxc6 Rxc6 28. Be3 Rc3 29. Qd2 Qc8 30. Rf2 Kh7 31. h3 Ne8 32. h4 Nd6 33. h5 g5 34. Re2 Kg8 35. Bf2 Bg7 36. Kg2 Nb5 37. Kh3 Rc1 38. f4 Nc3 39. Re7 Ne4 40. Nxe4 dxe4 41. fxg5 Rc3+ 42. Kh2 Qxg4 43. gxh6 Rh3# 0-1


[Site "https://www.chess.com"]

[Event "Titled Tuesday Blitz August 22 Late 2023"]
[White "Santos Flores, Alberto"]
[Black "laidfrq"]
[WhiteFideId "3601234"]
[WhiteElo "2574"]
[BlackElo "2399"]
[Result "1-0"]
[Round "3"]
[TimeControl "180+1"]
[Date "2023.08.22"]
[WhiteClock "0:00:12"]
[BlackClock "0:00:27"]
[Board "121"]

1. e4 c5 2. Nf3 Nc6 3. Nc3 e6 4. d4 cxd4 5. Nxd4 Qc7 6. g3 a6 7. Bg2 h5 8. h3 h4 9. g4 Nge7 10. O-O Ng6 11. Nxc6 bxc6 12. f4 e5 13. f5 Nf4 14. Bxf4 Bc5+ 15. Kh1 exf4 16. Qf3 a5 17. Qxf4 Qxf4 18. Rxf4 Rb8 19. b3 Bd4 20. Rf3 Be5 21. Rd1 Ke7 22. Na4 d6 23. Bf1 Bd7 24. c4 c5 25. Nc3 Bc6 26. Bg2 a4 27. bxa4 Rb2 28. Re3 Ra8 29. Nd5+ Bxd5 30. exd5 Rxa4 31. Rb3 Rbxa2 32. Rdb1 Kf6 33. Bf1 Rh2+ 34. Kg1 Raa2 35. Rd1 Bd4+ 36. Rxd4 cxd4 37. Rd3 Ke5 38. Rd1 Rhc2 39. Re1+ Kf6 40. Rd1 Ke5 41. Re1+ Kf4 42. Rd1 Ke3 43. Rd3+ Ke4 44. Rd1 Ra4 45. Bd3+ Ke3 46. Bxc2 Ra2 47. Bd3 Ra3 48. Bf1 d3 49. Rxd3+ Rxd3 50. Bxd3 Kxd3 51. c5 dxc5 52. d6 c4 53. d7 c3 54. d8=Q+ Kc2 55. Qxh4 Kb2 56. Qf2+ c2 57. Qd4+ Kb1 58. Qb4+ Ka2 59. Qc3 Kb1 60. Qb3+ Kc1 61. Kf2 Kd2 62. Qd5+ Kc3 63. Qc5+ Kb2 64. Qb4+ Ka2 65. Qc3 Kb1 66. Qb3+ 1-0


[Site "https://www.chess.com"]

[Event "Titled Tuesday Blitz August 22 Late 2023"]
[White "Hague, Ben"]
[Black "Dragomirescu, Robin-Alexandru"]
[WhiteFideId "405647"]
[BlackFideId "1213849"]
[WhiteElo "2392"]
[BlackElo "2573"]
[Result "0-1"]
[Round "3"]
[TimeControl "180+1"]
[Date "2023.08.22"]
[WhiteClock "0:00:00"]
[BlackClock "0:00:05"]
[Board "122"]

1. e4 Nc6 2. Nf3 f5 3. exf5 d5 4. Bb5 Bxf5 5. Ne5 Qd6 6. Bxc6+ bxc6 7. d4 Nf6 8. O-O Nd7 9. Bf4 Nxe5 10. Bxe5 Qd7 11. Nc3 e6 12. Na4 Bd6 13. Nc5 Bxc5 14. dxc5 O-O-O 15. Qd4 Qf7 16. b4 Kd7 17. a4 Rb8 18. b5 Qg6 19. c4 Rhf8 20. bxc6+ Kxc6 21. cxd5+ exd5 22. a5 Be4 23. Bg3 Qf6 24. Qa4+ Rb5 25. f3 Bd3 26. Rfe1 Bc4 27. Be5 Qg6 28. Rac1 Rxf3 29. Rxc4 dxc4 30. Qxc4 Rf7 31. Bg3 Rb1 32. Qa4+ Rb5 33. Qc4 Rf6 34. a6 Qf5 35. Qd4 Qxc5 36. Qxc5+ Rxc5 37. h3 Ra5 38. Re7 Rg6 39. Rxc7+ Kb6 40. Rc3 Ra1+ 41. Kh2 Rxa6 42. Bf2+ Kb5 43. Rb3+ Kc4 44. Rb7 Ra2 45. Rf7 a5 46. h4 h5 0-1


[Site "https://www.chess.com"]

[Event "Titled Tuesday Blitz August 22 Late 2023"]
[White "Kochiev, Ivan"]
[Black "petr577"]
[WhiteFideId "2917890"]
[WhiteElo "2570"]
[BlackElo "2388"]
[Result "1-0"]
[Round "3"]
[TimeControl "180+1"]
[Date "2023.08.22"]
[WhiteClock "0:00:05"]
[BlackClock "0:00:00"]
[Board "123"]

1. e4 e5 2. Nf3 Nc6 3. Bc4 Nf6 4. d3 Be7 5. O-O O-O 6. c3 d5 7. exd5 Nxd5 8. h3 Nb6 9. Bb5 Bd6 10. Re1 Qf6 11. Nbd2 Qg6 12. Kh1 Qh5 13. Ne4 f5 14. Ng3 Qg6 15. Bxc6 bxc6 16. Nxe5 Bxe5 17. Rxe5 f4 18. Ne4 f3 19. g4 Ba6 20. Be3 Rad8 21. Bd4 c5 22. Rg5 cxd4 23. Rxg6 hxg6 24. Qb3+ Nd5 25. cxd4 Kh8 26. Rc1 Nf4 27. Rxc7 Bxd3 28. Ng5 Rb8 29. Qa3 Bf1 30. Qe7 1-0


[Site "https://www.chess.com"]

[Event "Titled Tuesday Blitz August 22 Late 2023"]
[White "Cmorales2001"]
[Black "Guerra Tulcan, Lenin"]
[BlackFideId "3601382"]
[WhiteElo "2383"]
[BlackElo "2564"]
[Result "1-0"]
[Round "3"]
[TimeControl "180+1"]
[Date "2023.08.22"]
[WhiteClock "0:00:12"]
[BlackClock "0:00:01"]
[Board "124"]

1. e4 c5 2. Nf3 e6 3. d3 b6 4. g3 Bb7 5. Bg2 d6 6. O-O Nf6 7. c3 Be7 8. Re1 O-O 9. Nbd2 Qc7 10. a3 Nbd7 11. a4 a6 12. Nf1 b5 13. Bf4 Ne5 14. d4 Nxf3+ 15. Bxf3 e5 16. Bg5 h6 17. Bc1 Rfd8 18. d5 Bf8 19. Ne3 g6 20. c4 b4 21. h4 Bc8 22. h5 g5 23. Ng4 Nxh5 24. Nxh6+ Bxh6 25. Bxh5 Kg7 26. Bg4 Rf8 27. Kg2 f5 28. exf5 Bxf5 29. Bxf5 Rxf5 30. Qg4 Raf8 31. Be3 Qf7 32. Re2 Qg6 33. Rh1 Rf3 34. Ree1 Qf5 35. Qh5 Qg6 36. Qxg6+ Kxg6 37. b3 Bg7 38. Re2 R8f7 39. Rb1 R3f5 40. Rh1 g4 41. Rh4 R7f6 42. Rxg4+ Kf7 43. Re1 Rg6 44. Rxg6 Kxg6 45. Rh1 e4 46. Rh4 Re5 47. Rg4+ Kf7 48. Rg5 Rxg5 49. Bxg5 Bd4 50. Be3 Kf6 51. Kh3 Ke5 52. Kg4 Bc3 53. Bf4+ Kf6 54. Bxd6 Bd4 55. Kf4 Bxf2 56. Kxe4 Bd4 57. Bf4 Kg6 58. Be3 Bxe3 59. Kxe3 Kf5 60. Kf3 Ke5 61. g4 1-0


[Site "https://www.chess.com"]

[Event "Titled Tuesday Blitz August 22 Late 2023"]
[White "Ovezdurdyyeva, Jemal"]
[Black "Willy, Stephen"]
[WhiteFideId "14001888"]
[BlackFideId "30981468"]
[WhiteElo "2382"]
[BlackElo "2563"]
[Result "0-1"]
[Round "3"]
[TimeControl "180+1"]
[Date "2023.08.22"]
[WhiteClock "0:00:13"]
[BlackClock "0:00:58"]
[Board "125"]

1. e4 c6 2. d4 d5 3. Nc3 dxe4 4. Nxe4 Nf6 5. Ng3 e5 6. Be3 Ng4 7. Nf3 Nxe3 8. fxe3 exd4 9. exd4 Bd6 10. Ne4 O-O 11. Bd3 Bc7 12. O-O Nd7 13. Qd2 f5 14. Neg5 Nf6 15. Rae1 h6 16. Ne6 Bxe6 17. Rxe6 Qd5 18. Re7 Qd6 19. Bc4+ Kh8 20. Re6 Qd7 21. Nh4 Kh7 22. Nxf5 Rae8 23. Rxe8 Qxe8 24. Re1 Qh5 25. Qd3 Bxh2+ 26. Kf1 Ne4 27. Qxe4 Rxf5+ 0-1


[Site "https://www.chess.com"]

[Event "Titled Tuesday Blitz August 22 Late 2023"]
[White "Souleidis, Georgios"]
[Black "Baghdasaryan, Vahe"]
[WhiteFideId "4206827"]
[BlackFideId "13303139"]
[WhiteElo "2561"]
[BlackElo "2376"]
[Result "1-0"]
[Round "3"]
[TimeControl "180+1"]
[Date "2023.08.22"]
[WhiteClock "0:00:21"]
[BlackClock "0:00:17"]
[Board "126"]

1. e4 e5 2. Nc3 Nf6 3. d4 exd4 4. Qxd4 Nc6 5. Qd3 Bb4 6. Bd2 O-O 7. O-O-O Re8 8. Nge2 Ne5 9. Qg3 Nh5 10. Qg5 Qxg5 11. Bxg5 h6 12. Bd2 c6 13. h3 Nc4 14. Be1 Bc5 15. Nd4 Nd6 16. f3 Nf4 17. g3 Ne6 18. Nb3 Be3+ 19. Kb1 Nb5 20. Nxb5 cxb5 21. Bxb5 Re7 22. h4 a6 23. Bc4 b5 24. Bd5 Rb8 25. Bb4 Re8 26. Rd3 Bb6 27. Rhd1 Nc7 28. Bc5 Nxd5 29. Rxd5 Bc7 30. Bd6 Bxd6 31. Rxd6 Re6 32. Nc5 Rxd6 33. Rxd6 a5 34. Nxd7 Ra8 35. Nb6 Ra6 36. Nxc8 Rxd6 37. Nxd6 a4 38. Nxb5 f5 39. exf5 g5 40. fxg6 Kg7 41. h5 Kf6 42. Nc3 Ke5 43. Nxa4 Kd4 44. g7 Ke3 45. g8=Q Kxf3 46. Qd5+ Kg4 47. Qd8 Kh3 48. g4 Kg2 49. Qh8 Kh3 50. Qxh6 Kh4 51. Qe3 Kxg4 52. h6 Kf5 53. h7 Kg6 54. b3 Kf7 55. Nb2 Kg6 56. Nd1 Kxh7 57. Kc1 Kg6 58. Kd2 Kf7 59. Qe1 Kg6 60. Ke2 Kh5 61. Qf2 Kg6 62. Qf4 Kg7 63. Qf5 Kh6 64. Qg4 Kh7 65. Qg5 Kh8 66. Kf3 Kh7 67. Kf4 Kh8 68. Kf5 Kh7 69. Kf6 Kh8 70. Qg7# 1-0


[Site "https://www.chess.com"]

[Event "Titled Tuesday Blitz August 22 Late 2023"]
[White "Musovic, Armin"]
[Black "Seresin, Francesco"]
[WhiteFideId "939935"]
[BlackFideId "886335"]
[WhiteElo "2560"]
[BlackElo "2372"]
[Result "0-1"]
[Round "3"]
[TimeControl "180+1"]
[Date "2023.08.22"]
[WhiteClock "0:00:05"]
[BlackClock "0:00:20"]
[Board "127"]

1. a3 d5 2. Nc3 Nf6 3. d3 g6 4. Bg5 Bg7 5. e4 c6 6. h3 O-O 7. f4 Qb6 8. e5 Nh5 9. d4 f6 10. exf6 exf6 11. Bh4 Re8+ 12. Kf2 Nxf4 13. Nf3 Bf5 14. Na4 Qa5 15. b3 Nd7 16. Kg1 b5 17. Bg3 Nh5 18. Be1 Qc7 19. Nc3 Be4 20. Bf2 f5 21. Nd2 Ng3 22. Rh2 Nxf1 23. Nxf1 a5 24. Rb1 Nf8 25. a4 b4 26. Ne2 Ne6 27. Nc1 Qa7 28. Ne2 Rf8 29. Nfg3 Rae8 30. Qd2 Qc7 31. Rf1 f4 32. Nxe4 dxe4 33. d5 e3 34. Qd3 cxd5 35. Bh4 g5 36. Be1 Rd8 37. Kh1 Qe5 38. Qb5 Qe4 39. Ng1 Nd4 40. Qxa5 Qxc2 41. Qxb4 Qxb3 42. Qe7 Qd3 43. Rf3 Nxf3 44. Nxf3 Qe4 45. Qxg5 d4 46. h4 d3 47. h5 d2 48. h6 dxe1=Q+ 49. Nxe1 Qg6 50. Qxg6 hxg6 51. hxg7 Kxg7 52. Kg1 Rd1 53. Kf1 Rb8 54. Ke2 Rd2+ 55. Kf3 Rf2+ 56. Ke4 Rb4+ 57. Kd5 Rxa4 58. Rh4 e2 59. Nd3 Rf1 60. Rg4 e1=Q 61. Nxe1 Rxe1 62. Kc5 Re3 63. Kb5 Rae4 64. g3 Rxg3 65. Rxg6+ 0-1


[Site "https://www.chess.com"]

[Event "Titled Tuesday Blitz August 22 Late 2023"]
[White "Boor, Carl"]
[Black "Ozen, Batuhan"]
[WhiteFideId "2017008"]
[BlackFideId "6345123"]
[WhiteElo "2559"]
[BlackElo "2361"]
[Result "1-0"]
[Round "3"]
[TimeControl "180+1"]
[Date "2023.08.22"]
[WhiteClock "0:01:39"]
[BlackClock "0:00:11"]
[Board "128"]

1. d4 d5 2. c4 e6 3. Nf3 h6 4. g3 Nf6 5. Bg2 Be7 6. O-O O-O 7. Qc2 c5 8. cxd5 exd5 9. dxc5 Ne4 10. Be3 Na6 11. Nc3 Naxc5 12. Rad1 Nxc3 13. Qxc3 Ne4 14. Qb3 Be6 15. Nd4 Nc5 16. Nxe6 fxe6 17. Bxc5 Bxc5 18. Bxd5 exd5 19. Rxd5 Bxf2+ 20. Rxf2 Qb6 21. Rb5+ 1-0


[Site "https://www.chess.com"]

[Event "Titled Tuesday Blitz August 22 Late 2023"]
[White "whiteglovethief"]
[Black "Erdogan, Anil Berk"]
[BlackFideId "6348173"]
[WhiteElo "2356"]
[BlackElo "2558"]
[Result "1-0"]
[Round "3"]
[TimeControl "180+1"]
[Date "2023.08.22"]
[WhiteClock "0:02:27"]
[BlackClock "0:01:51"]
[Board "129"]

1. d4 Nf6 2. c4 c5 3. d5 e6 4. Nc3 exd5 5. cxd5 d6 6. e4 g6 7. f4 Bg7 8. e5 dxe5 9. fxe5 Ng4 10. Bb5+ Kf8 11. e6 Ne5 12. Nf3 fxe6 13. O-O Nxf3+ 14. Qxf3+ Ke7 15. Bg5+ 1-0


[Site "https://www.chess.com"]

[Event "Titled Tuesday Blitz August 22 Late 2023"]
[White "Bullen, Alex"]
[Black "Auger_Pi"]
[WhiteFideId "1801627"]
[WhiteElo "2345"]
[BlackElo "2558"]
[Result "0-1"]
[Round "3"]
[TimeControl "180+1"]
[Date "2023.08.22"]
[WhiteClock "0:00:00"]
[BlackClock "0:01:02"]
[Board "130"]

1. d4 d5 2. Nf3 Nf6 3. c4 dxc4 4. Qa4+ Nbd7 5. Qxc4 a6 6. a4 b5 7. Qc6 Rb8 8. axb5 axb5 9. Ra7 e6 10. Qxc7 Qxc7 11. Rxc7 Bb7 12. Bf4 Nd5 13. Rxd7 Nxf4 14. Rc7 Bb4+ 15. Nbd2 O-O 16. e3 Nd5 17. Rc1 Rfc8 18. Rxc8+ Rxc8 19. Be2 Rc1+ 20. Bd1 Rb1 21. O-O Rxb2 22. Nb3 Nc3 23. Nc5 Bxc5 24. dxc5 Be4 25. Nd4 b4 26. c6 Bd3 27. c7 Ba6 28. Bf3 e5 29. Nc6 e4 30. Bg4 Nd5 31. c8=Q+ Bxc8 32. Bxc8 Rc2 33. Nxb4 Nxb4 34. Bb7 Rc4 35. g3 g6 36. Rd1 Kg7 37. Rd7 Kf6 38. Rd6+ Ke7 39. Rb6 Nd3 40. Rb3 f5 41. Ba6 Rc1+ 42. Kg2 Ne1+ 43. Kh3 Nf3 44. Rb7+ Kf6 45. Kg2 Rg1+ 46. Kh3 Rh1 47. g4 Rxh2+ 48. Kg3 Rh1 49. Rb6+ Kg5 0-1


[Site "https://www.chess.com"]

[Event "Titled Tuesday Blitz August 22 Late 2023"]
[White "Davidson, Kevin"]
[Black "Ilkhomi, Jaloliddin"]
[WhiteFideId "2056810"]
[BlackFideId "14700948"]
[WhiteElo "2338"]
[BlackElo "2555"]
[Result "0-1"]
[Round "3"]
[TimeControl "180+1"]
[Date "2023.08.22"]
[WhiteClock "0:00:00"]
[BlackClock "0:01:09"]
[Board "131"]

1. e4 e6 2. d4 d5 3. Nc3 Bb4 4. exd5 exd5 5. Bd3 Nc6 6. a3 Ba5 7. Be3 Nge7 8. Qf3 Be6 9. Ne2 Qd7 10. h3 O-O-O 11. Ng3 f6 12. O-O g5 13. Qxf6 h5 14. Qxg5 h4 15. Nh5 Rdg8 16. Nf6 Rxg5 17. Nxd7 Rg7 18. Ne5 Bxh3 19. Kh2 Bxc3 20. bxc3 Bxg2 21. Rg1 h3 22. Bf4 Rf8 23. Nxc6 Rxf4 24. Nxe7+ Rxe7 25. Rae1 Rxe1 26. Rxe1 Rxf2 27. Re7 Kd8 28. Rg7 Bf1+ 29. Kg1 Rg2+ 30. Rxg2 Bxg2 31. Kh2 Kd7 32. Bf5+ Kc6 33. a4 b5 34. axb5+ Kxb5 0-1


[Site "https://www.chess.com"]

[Event "Titled Tuesday Blitz August 22 Late 2023"]
[White "angelgab3"]
[Black "Lopez Del Alamo, Antonio"]
[BlackFideId "2227339"]
[WhiteElo "2555"]
[BlackElo "2336"]
[Result "1-0"]
[Round "3"]
[TimeControl "180+1"]
[Date "2023.08.22"]
[WhiteClock "0:00:51"]
[BlackClock "0:00:02"]
[Board "132"]

1. e4 c5 2. Nf3 e6 3. d4 cxd4 4. Nxd4 Nf6 5. Nc3 Nc6 6. Ndb5 d6 7. Bf4 e5 8. Bg5 a6 9. Na3 b5 10. Bxf6 gxf6 11. Nd5 Bg7 12. Bd3 Ne7 13. Nxe7 Qxe7 14. c4 f5 15. O-O O-O 16. Qf3 f4 17. cxb5 Qg5 18. Be2 d5 19. exd5 e4 20. Qxe4 Bxb2 21. Nc4 Bxa1 22. Rxa1 axb5 23. Nd6 Qf6 24. Rc1 Qxd6 25. Rc6 Ra4 26. Qc2 Qd7 27. h3 Bb7 28. Rc7 Qxd5 29. Bf3 Rc4 30. Bxd5 Rxc2 31. Rxb7 Rb2 32. Bb3 f3 33. gxf3 Ra8 34. Bxf7+ Kg7 35. Bd5+ Kh8 36. Be4 Raxa2 37. Rxh7+ Kg8 38. Rb7 Kf8 39. Kg2 Rxf2+ 40. Kg3 Rg2+ 41. Kf4 Rg7 42. Rxb5 Raa7 43. Rb8+ Ke7 44. h4 Kf6 45. Rb6+ Ke7 46. h5 Rg8 47. h6 Rh8 48. h7 Kf7 49. Kg5 Kg7 50. Rg6+ Kf7 51. Rb6 Kg7 52. Rg6+ Kf7 53. Kh6 Re7 54. Bd5+ Kf8 55. Rg8+ Rxg8 56. hxg8=Q# 1-0


[Site "https://www.chess.com"]

[Event "Titled Tuesday Blitz August 22 Late 2023"]
[White "Ardila, Oscar Humberto"]
[Black "Kashefi, Amir Hosein"]
[WhiteFideId "4404742"]
[BlackFideId "12557935"]
[WhiteElo "2328"]
[BlackElo "2550"]
[Result "0-1"]
[Round "3"]
[TimeControl "180+1"]
[Date "2023.08.22"]
[WhiteClock "0:00:00"]
[BlackClock "0:00:28"]
[Board "133"]

1. d4 d5 2. c4 c6 3. e3 Nf6 4. Nf3 Bg4 5. Nbd2 e6 6. Be2 Nbd7 7. O-O Bd6 8. h3 Bh5 9. b3 O-O 10. Bb2 Re8 11. Ne5 Bxe2 12. Qxe2 Qc7 13. f4 Bb4 14. Ndf3 Ne4 15. Rfc1 Bd6 16. Nd2 Ndf6 17. Nxe4 Nxe4 18. Qe1 f5 19. a4 Bxe5 20. fxe5 Qf7 21. Qh4 Qe7 22. Qxe7 Rxe7 23. Ba3 Rf7 24. cxd5 cxd5 25. Rc2 h6 26. Rac1 Rd8 27. Rc7 Rfd7 28. Be7 Rxc7 29. Rxc7 Rb8 30. Bd6 g5 31. Re7 Rc8 32. Rxb7 Rc1+ 33. Kh2 f4 34. exf4 gxf4 35. Rb8+ Kh7 36. Rf8 Rf1 37. Rf7+ Kg6 38. Rf8 Kg7 39. g4 fxg3+ 40. Kg2 Rb1 41. Re8 Rb2+ 42. Kg1 Ng5 0-1


[Site "https://www.chess.com"]

[Event "Titled Tuesday Blitz August 22 Late 2023"]
[White "reevecanada"]
[Black "Sanchez Castillo, Sarai Carolina"]
[BlackFideId "3900754"]
[WhiteElo "2549"]
[BlackElo "2331"]
[Result "1-0"]
[Round "3"]
[TimeControl "180+1"]
[Date "2023.08.22"]
[WhiteClock "0:01:41"]
[BlackClock "0:00:00"]
[Board "134"]

1. e4 e6 2. Nf3 d5 3. Nc3 d4 4. Ne2 c5 5. d3 Nc6 6. g3 e5 7. Bg2 Be7 8. O-O g5 9. c3 h6 10. Qc2 Be6 11. a3 Qd7 12. c4 f6 13. Bd2 h5 14. h4 gxh4 15. Nxh4 Nh6 16. f4 Bg4 17. Rf2 O-O-O 18. f5 Rdg8 19. Ng6 Rh7 20. b4 Nf7 21. Qa4 Kb8 22. Rb1 Bd6 23. Nc1 Qe8 24. Qb5 cxb4 25. axb4 Ne7 26. Nxe7 Qxb5 27. Nxg8 Qa4 28. Nxf6 Rh8 29. Be1 1-0


[Site "https://www.chess.com"]

[Event "Titled Tuesday Blitz August 22 Late 2023"]
[White "Stanisz, Patryk"]
[Black "Shapiro, Viktor"]
[WhiteFideId "1123106"]
[BlackFideId "4175700"]
[WhiteElo "2328"]
[BlackElo "2548"]
[Result "0-1"]
[Round "3"]
[TimeControl "180+1"]
[Date "2023.08.22"]
[WhiteClock "0:00:08"]
[BlackClock "0:00:17"]
[Board "135"]

1. d4 Nf6 2. c4 e6 3. Nc3 Bb4 4. e3 c5 5. Ne2 Nc6 6. a3 Bxc3+ 7. Nxc3 cxd4 8. exd4 d5 9. Be3 O-O 10. c5 b6 11. cxb6 Qxb6 12. Na4 Qd8 13. Rc1 Na5 14. Nc5 Rb8 15. b4 Nc4 16. Bxc4 dxc4 17. Rxc4 Qd5 18. Rc3 Qxg2 19. Kd2 a5 20. Rg1 Qd5 21. bxa5 e5 22. Ke1 Rd8 23. Rd3 Bf5 24. Bh6 Bxd3 25. Rxg7+ Kh8 26. Qxd3 Rb1+ 27. Qxb1 Qh1+ 28. Ke2 Qxb1 29. dxe5 Qc2+ 30. Kf1 Qc4+ 31. Kg2 Ng4 32. Ne6 Qxe6 0-1


[Site "https://www.chess.com"]

[Event "Titled Tuesday Blitz August 22 Late 2023"]
[White "Fominykh, Maria"]
[Black "Roebers, Eline"]
[WhiteFideId "4142411"]
[BlackFideId "1058401"]
[WhiteElo "2327"]
[BlackElo "2547"]
[Result "0-1"]
[Round "3"]
[TimeControl "180+1"]
[Date "2023.08.22"]
[WhiteClock "0:00:00"]
[BlackClock "0:01:13"]
[Board "136"]

1. d4 f5 2. Bg5 h6 3. Bh4 g5 4. Bg3 Nf6 5. e3 Bg7 6. h4 g4 7. Bd3 d6 8. c4 O-O 9. Nc3 Qe8 10. d5 Nh5 11. Nge2 Na6 12. Qd2 c6 13. O-O-O Bd7 14. f3 Nxg3 15. Nxg3 Rc8 16. dxc6 Rxc6 17. fxg4 fxg4 18. Kb1 Nc5 19. Bc2 a6 20. h5 b5 21. Bg6 Qd8 22. cxb5 axb5 23. Nd5 Na4 24. Nb4 Rc5 25. Nd3 Rc4 26. Rhf1 Rxf1 27. Rxf1 Be6 28. Nf5 Qa8 29. Nxe7+ Kh8 30. Nf4 Rxf4 31. Rxf4 Nxb2 32. a4 Nxa4 33. Be4 Nc3+ 0-1


[Site "https://www.chess.com"]

[Event "Titled Tuesday Blitz August 22 Late 2023"]
[White "HamedWafa4"]
[Black "Jaskolka, Tomasz"]
[BlackFideId "1170791"]
[WhiteElo "2543"]
[BlackElo "2522"]
[Result "1-0"]
[Round "3"]
[TimeControl "180+1"]
[Date "2023.08.22"]
[WhiteClock "0:01:02"]
[BlackClock "0:00:01"]
[Board "137"]

1. e4 d5 2. exd5 Nf6 3. Nf3 Bg4 4. h3 Bxf3 5. Qxf3 Qxd5 6. Qxd5 Nxd5 7. Nc3 Nxc3 8. bxc3 g6 9. Be2 Bg7 10. Bf3 c6 11. Rb1 b6 12. Ba3 Kd7 13. O-O e6 14. d4 Na6 15. Rfd1 Nc7 16. c4 Rac8 17. Bb2 Ne8 18. a4 Nd6 19. d5 Bxb2 20. dxc6+ Ke7 21. Rxb2 Rhd8 22. Rb4 Nf5 23. Rxd8 Rxd8 24. c5 Rd4 25. cxb6 Rxb4 26. c7 Kd7 27. Bc6+ Kxc6 28. c8=Q+ Kxb6 29. Qd7 Rb1+ 30. Kh2 Rb2 31. Qxf7 Rxc2 32. Qxe6+ Rc6 33. Qb3+ Kc7 34. Qf7+ Kb6 35. Qxh7 Re6 36. f4 Rc6 37. g4 Rc2+ 38. Kg1 Rc1+ 39. Kf2 Rc2+ 40. Ke1 Nd4 41. Qxg6+ Kc5 42. Qd3 Rc1+ 43. Kd2 Rc3 44. Qxc3+ 1-0


[Site "https://www.chess.com"]